 Dungeon Crawl Stone Soup version 0.28-a0-973-ga7f8b01127 (webtiles) character file.

Game seed: 5056667843646304024

4557 McGhostyFace the Thaumaturge (level 10, -12/74 HPs)
             Began as a Gnoll Hedge Wizard on Dec 2, 2021.
             Was an Initiate of Gozag.
             Killed from afar by a gargoyle (22 damage)
             ... with a stone arrow
             ... on level 7 of the Dungeon.
             The game lasted 00:34:00 (13616 turns).

McGhostyFace the Thaumaturge (Gnoll Hedge Wizard)  Turns: 13616, Time: 00:34:01

Health: -12/74     AC: 10    Str: 10    XL:     10   Next: 40%
Magic:  23/23      EV: 15    Int: 18    God:    Gozag
Gold:   1964       SH:  6    Dex: 17    Spells: 12/27 levels left

rFire   . . .      SeeInvis .   C - +4 dagger (speed)
rCold   . . .      Faith    .   A - +0 buckler
rNeg    . . .      Spirit   .   J - +0 troll leather armour
rPois   .          Reflect  .   E - +0 helmet
rElec   .          Harm     .   n - +2 cloak
rCorr   .          Rampage  .   b - +0 pair of gloves
Will    .....                   (no boots)
Stlth   +++.......              (no amulet)
HPRegen 1.02/turn               g - +6 ring of dexterity
MPRegen 0.18/turn               H - +4 ring of slaying

@: spiked, studying Bows, invisible
A: fangs 1, strong nose, distributed training
a: Renounce Religion, Potion Petition, Call Merchant, Bribe Branch


You were on level 7 of the Dungeon.
You worshipped Gozag.
Gozag was most pleased with you.
You visited 2 branches of the dungeon, and saw 8 of its levels.
You also visited: Sewer.

You collected 2131 gold pieces.
You paid 167 gold pieces to Gozag.

Inventory:

Hand Weapons
 B - a +0 dagger of electrocution
 C - a +4 dagger of speed (weapon)
 D - a +0 dagger of holy wrath
 L - the +10 halberd of Firouqan {vorpal, rN+ Dex-2 Stlth+}
   (You found it on level 7 of the Dungeon)

   It inflicts extra damage upon your enemies.
   Dex:       It affects your dexterity (-2).
   rN:        It protects you from negative energy.
   Stlth:     It makes you more stealthy.
Missiles
 z - 19 poisoned darts
 K - 2 curare-tipped darts
Armour
 b - a +0 pair of gloves (worn)
 n - a +2 cloak (worn)
 A - a +0 buckler (worn)
 E - a +0 helmet (worn)
 J - a +0 troll leather armour (worn)
Magical Staves
 M - a staff of conjuration
Jewellery
 g - a +6 ring of dexterity (left hand)
 H - a +4 ring of slaying (right hand)
 I - a ring of resist corrosion
Wands
 d - a wand of iceblast (2)
Scrolls
 a - a scroll of magic mapping {unknown}
 q - a scroll of fog {unknown}
 r - 5 scrolls of fear {unknown}
 s - 2 scrolls of summoning {unknown}
 t - 4 scrolls of blinking
 u - a scroll of enchant weapon {unknown}
 w - a scroll of enchant armour
 y - 3 scrolls of amnesia {unknown}
 F - a scroll of vulnerability {unknown}
Potions
 e - a potion of haste {unknown}
 f - 3 potions of heal wounds
 h - 2 potions of attraction {unknown}
 j - 2 potions of flight
 k - 2 potions of cancellation
 l - 3 potions of invisibility
 o - a potion of mutation {unknown}
 p - 3 potions of curing
 v - 2 potions of might
 x - 2 potions of magic
 G - a potion of brilliance {unknown}


   Skills:
 + Level 5.2 Fighting
 + Level 5.2 Short Blades
 + Level 5.2 Long Blades
 + Level 5.2 Axes
 + Level 5.2 Maces & Flails
 + Level 5.2 Polearms
 + Level 5.2 Staves
 + Level 5.2 Slings
 + Level 5.3 Bows
 + Level 5.2 Crossbows
 + Level 5.2 Throwing
 + Level 5.2 Armour
 + Level 7.0 Dodging
 + Level 6.8 Stealth
 + Level 5.2 Shields
 + Level 5.2 Unarmed Combat
 + Level 9.0 Spellcasting
 + Level 4.9 Conjurations
 + Level 4.3 Hexes
 + Level 4.9 Summonings
 + Level 4.3 Necromancy
 + Level 4.9 Translocations
 + Level 4.3 Transmutations
 + Level 4.3 Fire Magic
 + Level 4.3 Ice Magic
 + Level 4.3 Air Magic
 + Level 4.3 Earth Magic
 + Level 4.3 Poison Magic
 + Level 5.7 Invocations
 + Level 5.2 Evocations


You had 12 spell levels left.
You knew the following spells:

 Your Spells              Type           Power      Damage    Failure   Level
a - Magic Dart            Conj           100%       1d8       1%          1
b - Blink                 Tloc           50%        N/A       2%          2
c - Call Imp              Summ           25%        N/A       2%          2
d - Conjure Flame         Conj/Fire      24%        6-21      5%          3
e - Mephitic Cloud        Conj/Pois/Air  24%        N/A       5%          3
f - Flame Wave            Conj/Fire      24%        2d6       17%         4

Your spell library contained the following spells:

 Spells                   Type           Power      Damage    Failure   Level
 Animate Skeleton         Necr           46%        N/A       1%          1
 Apportation              Tloc           50%        N/A       1%          1
 Pain                     Necr           92%        1d8       1%          1
 Sandblast                Erth           46%        2d11      1%          1
 Slow                     Hex            92%        N/A       1%          1
 Corpse Rot               Necr/Air       46%        N/A       3%          2
 Passwall                 Tmut/Erth      19%        N/A       3%          2
 Scorch                   Fire           46%        2d7       3%          2
 Gell's Gravitas          Tloc           25%        N/A       4%          3
 Lesser Beckoning         Tloc           25%        N/A       4%          3
 Teleport Other           Tloc           25%        N/A       4%          3
 Stone Arrow              Conj/Erth      48%        3d10      5%          3
 Confusing Touch          Hex            23%        N/A       6%          3
 Vampiric Draining        Necr           23%        2d7       6%          3
 Animate Armour           Summ/Erth      48%        N/A       17%         4
 Dispel Undead            Necr           23%        3d12      19%         4
 Alistair's Intoxication  Tmut/Pois      15%        N/A       47%         5
 Borgnjor's Vile Clutch   Necr/Erth      11%        N/A       47%         5
 Yara's Violent Unravell  Hex/Tmut       11%        3d6       47%         5
 Summon Cactus Giant      Summ           12%        N/A       93%         6
 Starburst                Conj/Fire      12%        6d5       95%         6
 Death Channel            Necr           11%        N/A       96%         6
 Storm Form               Tmut/Air       11%        N/A       100%        7
 Lehudib's Crystal Spear  Conj/Erth      12%        10d4      100%        8


Dungeon Overview and Level Annotations

Branches:
Dungeon (7/15)             Temple (1/1) D:7           Sewer (visited)

Altars:
Ashenzari
Cheibriados
Dithmenos
Elyvilon
Gozag
Hepliaklqana
Kikubaaqudgha
Makhleb
Nemelex Xobeh
Okawaru
Qazlal
Ru
Sif Muna
Uskayaw
Vehumet
Wu Jian
Xom
Yredelemnul
Zin
The Shining One

Shops:
D:5 [   D:6 !


Innate Abilities, Weirdness & Mutations

You have very sharp teeth.
Your uncanny sense of smell can sniff out nearby items.
Your experience applies equally to all skills.


Message History

The barbed spikes dig painfully into your body as you move.
A gargoyle is nearby!
The barbed spikes dig painfully into your body as you move.
The barbed spikes dig painfully into your body as you move.
Your white imp hits the manticore but does no damage.
Unknown command.
The gargoyle hurls a stone arrow at you.
The stone arrow misses you.
Your white imp barely misses the manticore.
The barbed spikes dig painfully into your body as you move.
The manticore bites something!
The manticore claws something!
The gargoyle hurls a stone arrow at you.
The stone arrow hits you!
The barbed spikes dig painfully into your body as you move.
The gargoyle hurls a stone arrow at you.
The stone arrow hits you!!
* * * LOW HITPOINT WARNING * * *
The barbed spikes dig painfully into your body as you move.
* * * LOW HITPOINT WARNING * * *
The gargoyle hurls a stone arrow at you.
The stone arrow misses you.
The barbed spikes dig painfully into your body as you move.
* * * LOW HITPOINT WARNING * * *
You feel much better.
You carefully extract the barbed spikes from your body.
The sentinel's mark upon you fades away.
The manticore flicks its tail.
The volley of spikes hits you!!
The barbed spikes become lodged in your body.
* * * LOW HITPOINT WARNING * * *
You hear a shout!
You fade into invisibility!
Casting: Call Imp (safe; 2% risk of failure)
Confirm with . or Enter, or press ? or * to list all spells.
You can't see any susceptible monsters within range! (Use Z to cast anyway.) Unknown command.
The gargoyle hurls a stone arrow at you.
The stone arrow hits you!!
You die...
Your body crumbles into a pile of gold.

..#### #.#.[#..##.##.#.###.#.# #.
.....###.##...##.##.###..[##.# #.
§≈§≈.....###)#####.#####.###.# #.
≈≈§≈.###.....5...............###.
>_≈≈.###....9.#######..###>###...
⌠.≈≈..##....9######...## #......#
≈≈≈≈..##............### ######.#
≈§≈≈............##### #########.#
§§...#######....@.(.###...##>...#
#.##.# #).....#..............
#.##.# #.##...###(.<.>.......
#.##.# #.###.................
#.##.# #.#####.##............
...#.# #....##.###..........#
.....# #.##.##.# ##...#......
.....# #.##....# ####..#####
##.#.### #.#####.######..##


You could see a gargoyle.

Vanquished Creatures
  A two-headed ogre (D:6)
  A troll (D:7)
  A slime creature (D:7)
  A yak (D:7)
  2 water moccasins (D:6)
  Duvessa (D:5)
  2 ice beasts
  A sky beast (D:6)
  5 necrophages
  3 ogres
  3 centaurs
  3 phantoms
  2 kobold brigands
  2 bullfrogs (Sewer)
  2 scorpions
  A wight (D:5)
  A howler monkey (D:5)
  2 hounds
  Crazy Yiuf (D:2)
  2 centaur skeletons
  3 orc priests
  3 bullfrog skeletons
  2 jellies (D:7)
  2 gnoll shamans (D:7)
  5 iguanas
  4 orc wizards
  A killer bee zombie (D:6)
  A hound skeleton (D:4)
  2 howler monkey zombies
  Robin (D:4)
  9 gnolls
  4 river rats (Sewer)
  9 adders
  An ufetubus (D:5)
  An adder skeleton (D:5)
  4 worms
  4 dart slugs
  19 orcs
  13 ball pythons
  5 bats
  6 giant cockroaches
  12 goblins
  2 hobgoblins (D:2)
  6 jackals
  10 kobolds
  6 quokkas
  5 frilled lizards
  22 rats (Sewer)
199 creatures vanquished.

Vanquished Creatures (collateral kills)
  An orc warrior (D:6)
  Dowan (D:5)
  A bullfrog zombie (D:3)
  A dart slug (D:3)
  An orc (D:7)
  A ball python (Sewer)
  A rat (Sewer)
7 creatures vanquished.

Grand Total: 206 creatures vanquished

Notes
Turn   | Place    | Note
-------+----------+-------------------------------------------
     0 | D:1      | McGhostyFace the Gnoll Hedge Wizard began the quest for the
                  | Orb.
     0 | D:1      | Reached XP level 1. HP: 13/13 MP: 8/8
   349 | D:1      | Found a faded altar of an unknown god.
   728 | D:1      | Reached XP level 2. HP: 19/19 MP: 7/10
  1515 | D:2      | Found a runed translucent door.
  1516 | D:2      | Noticed Crazy Yiuf
  1648 | D:2      | Reached XP level 3. HP: 25/25 MP: 5/11
  2107 | D:2      | Reached skill level 1 in Invocations
  2303 | D:2      | Learned a level 2 spell: Blink
  2306 | D:2      | Learned a level 2 spell: Call Imp
  2310 | D:2      | Learned a level 3 spell: Conjure Flame
  2314 | D:2      | Learned a level 3 spell: Mephitic Cloud
  2596 | D:2      | Killed Crazy Yiuf
  2597 | D:2      | Reached skill level 1 in Fighting
  2597 | D:2      | Reached skill level 1 in Short Blades
  2597 | D:2      | Reached skill level 1 in Long Blades
  2597 | D:2      | Reached skill level 1 in Axes
  2597 | D:2      | Reached skill level 1 in Maces & Flails
  2597 | D:2      | Reached skill level 1 in Polearms
  2597 | D:2      | Reached skill level 1 in Staves
  2597 | D:2      | Reached skill level 1 in Slings
  2597 | D:2      | Reached skill level 1 in Bows
  2597 | D:2      | Reached skill level 1 in Crossbows
  2597 | D:2      | Reached skill level 1 in Throwing
  2597 | D:2      | Reached skill level 1 in Armour
  2597 | D:2      | Reached skill level 1 in Shields
  2597 | D:2      | Reached skill level 1 in Unarmed Combat
  2597 | D:2      | Reached skill level 1 in Evocations
  2597 | D:2      | Reached XP level 4. HP: 4/32 MP: 0/13
  2927 | D:3      | Identified 2 scrolls of acquirement
  3060 | D:3      | Reached skill level 1 in Hexes
  3060 | D:3      | Reached skill level 1 in Necromancy
  3060 | D:3      | Reached skill level 1 in Transmutations
  3060 | D:3      | Reached skill level 1 in Fire Magic
  3060 | D:3      | Reached skill level 1 in Ice Magic
  3060 | D:3      | Reached skill level 1 in Air Magic
  3060 | D:3      | Reached skill level 1 in Earth Magic
  3060 | D:3      | Reached skill level 1 in Poison Magic
  3119 | D:3      | Reached XP level 5. HP: 5/37 MP: 6/14
  3195 | D:3      | Found a glowing drain.
  3200 | Sewer    | Entered a sewer
  4276 | Sewer    | Reached XP level 6. HP: 44/44 MP: 11/16
  4363 | Sewer    | Reached skill level 5 in Dodging
  5262 | D:4      | Noticed Robin
  5299 | D:4      | Killed Robin
  5730 | D:4      | Reached XP level 7. HP: 50/50 MP: 10/18
  6041 | D:4      | Found a basalt altar of Yredelemnul.
  6043 | D:4      | Found an ancient bone altar of Kikubaaqudgha.
  6044 | D:4      | Found an iron altar of Okawaru.
  6187 | D:4      | Found a hide-covered altar of Uskayaw.
  6694 | D:4      | Reached skill level 5 in Stealth
  6905 | D:5      | Entered Level 5 of the Dungeon
  7005 | D:5      | Reached XP level 8. HP: 57/57 MP: 9/19
  7167 | D:5      | Noticed Dowan
  7363 | D:5      | Noticed Duvessa
  7571 | D:5      | Found Qycs's Antique Armour Emporium.
  7578 | D:5      | Killed Dowan
  7614 | D:5      | Killed Duvessa
  7789 | D:5      | Reached skill level 8 in Spellcasting
  8960 | D:6      | Reached XP level 9. HP: 59/65 MP: 13/21
  9330 | D:6      | Learned a level 4 spell: Flame Wave
  9389 | D:6      | Found Zuwe's Distillery.
 10095 | D:6      | Found a radiant altar of Vehumet.
 10453 | D:7      | Found a sparkling altar of Nemelex Xobeh.
 10794 | D:7      | Found a broken altar of Ashenzari.
 10794 | D:7      | Found a shimmering altar of Xom.
 10794 | D:7      | Found a shimmering blue altar of Sif Muna.
 10794 | D:7      | Found a snail-covered altar of Cheibriados.
 11023 | D:6      | Reached skill level 5 in Invocations
 11722 | D:7      | Noticed a two-headed ogre
 11724 | D:7      | Noticed a gargoyle
 11765 | D:7      | Noticed a manticore
 11765 | D:7      | Noticed a troll
 12050 | D:6      | Reached XP level 10. HP: 61/73 MP: 20/22
 12183 | D:6      | Killed a two-headed ogre
 12184 | D:6      | Reached skill level 5 in Fighting
 12184 | D:6      | Reached skill level 5 in Short Blades
 12184 | D:6      | Reached skill level 5 in Long Blades
 12184 | D:6      | Reached skill level 5 in Axes
 12184 | D:6      | Reached skill level 5 in Maces & Flails
 12184 | D:6      | Reached skill level 5 in Polearms
 12184 | D:6      | Reached skill level 5 in Staves
 12184 | D:6      | Reached skill level 5 in Slings
 12184 | D:6      | Reached skill level 5 in Bows
 12184 | D:6      | Reached skill level 5 in Crossbows
 12184 | D:6      | Reached skill level 5 in Throwing
 12184 | D:6      | Reached skill level 5 in Armour
 12184 | D:6      | Reached skill level 5 in Shields
 12184 | D:6      | Reached skill level 5 in Unarmed Combat
 12184 | D:6      | Reached skill level 5 in Evocations
 12517 | D:7      | Found a stormy altar of Qazlal.
 12932 | D:7      | Identified the +10 halberd of Firouqan {vorpal, rN+ Dex-2
                  | Stlth+}
 12936 | D:7      | Got the Reference Book on Clay
 12944 | D:7      | Got Ezig's Handbook of Shifting Arcane Weapons
 12976 | D:7      | Noticed a cyclops
 13064 | D:7      | Found a staircase to the Ecumenical Temple.
 13077 | Temple   | Entered the Ecumenical Temple
 13191 | Temple   | Became a worshipper of Gozag Ym Sagoz the Greedy
 13194 | Temple   | Acquired 1078 gold pieces
 13198 | Temple   | Acquired 512 gold pieces
 13217 | D:7      | Reached skill level 9 in Spellcasting
 13616 | D:7      | Killed from afar by a gargoyle

Illustrated notes

Levels and vault maps discovered:
D:1:      heliophobic_arrival_dark_side_of_the_moon, layout_basic,
          basic_ecumenical_altar, minmay_misc_feat_x
D:2:      minmay_general_purpose_star, layout_rooms, uniq_crazy_yiuf_cottage
D:3:      layout_rooms, gup_sewer_entry_bowl, minmay_stone_trees_medium
D:4:      layout_loops_ring, nicolae_overflow_quartered_altars, uniq_robin
D:5:      layout_basic, serial_shops, nicolae_diamond_shop, uniq_duvessa
D:6:      layout_loops_ring, mainiacjoe_overflow_24_doors, serial_shops,
          kennysheep_mini
D:7:      minmay_the_grid_square_5x5_3x3 [minmay_the_grid_square_5x5_two_small,
          minmay_the_grid_square_5x5_six_small,
          minmay_the_grid_square_5x5_checkered_sparse,
          minmay_the_grid_square_5x5_detours,
          minmay_the_grid_square_5x5_megaprize_diamond,
          minmay_the_grid_square_5x5_three,
          minmay_the_grid_square_5x5_eight_small,
          minmay_the_grid_square_5x5_n_small,
          minmay_the_grid_square_5x5_shrine2], layout_rooms,
          general_overflow_altar, grunt_temple_overflow_open,
          nicolae_overflow_crystal_walls, minmay_temple_entry_junction_2
Temple:   nicolae_temple_figure_zero

Skill      XL: |  1  2  3  4  5  6  7  8  9 10 |
---------------+-------------------------------+-----
Conjurations   | 2 3 4 |  4.9
Summonings     | 2 3 4 |  4.9
Translocations | 2 3 4 |  4.9
Invocations    | 1 2 3 4 5 |  5.7
Fighting       | 1 2 3 4 5 |  5.2
Short Blades   | 1 2 3 4 5 |  5.2
Long Blades    | 1 2 3 4 5 |  5.2
Axes           | 1 2 3 4 5 |  5.2
Maces & Flails | 1 2 3 4 5 |  5.2
Polearms       | 1 2 3 4 5 |  5.2
Staves         | 1 2 3 4 5 |  5.2
Slings         | 1 2 3 4 5 |  5.2
Bows           | 1 2 3 4 5 |  5.3
Crossbows      | 1 2 3 4 5 |  5.2
Throwing       | 1 2 3 4 5 |  5.2
Armour         | 1 2 3 4 5 |  5.2
Shields        | 1 2 3 4 5 |  5.2
Unarmed Combat | 1 2 3 4 5 |  5.2
Evocations     | 1 2 3 4 5 |  5.2
Hexes          | 1 2 3 4 |  4.3
Necromancy     | 1 2 3 4 |  4.3
Transmutations | 1 2 3 4 |  4.3
Fire Magic     | 1 2 3 4 |  4.3
Ice Magic      | 1 2 3 4 |  4.3
Air Magic      | 1 2 3 4 |  4.3
Earth Magic    | 1 2 3 4 |  4.3
Poison Magic   | 1 2 3 4 |  4.3
Dodging        | 5 6 7 |  7.0
Stealth        | 5 6 |  6.8
Spellcasting   | 8 9 |  9.0

Action                   |  1- 3 |  4- 6 |  7- 9 | 10-12 || total
-------------------------+-------+-------+-------+-------++-------
Melee: Dagger            |    16 |   127 |   287 |    61 ||   491
       Bite              |     1 |     6 |    32 |     6 ||    45
Throw: Dart              |     1 |     6 |       |     4 ||    11
 Cast: Magic Dart        |    79 |   129 |   175 |    14 ||   397
       Call Imp          |     3 |    11 |    26 |     9 ||    49
       Mephitic Cloud    |     3 |     3 |    18 |     5 ||    29
       Blink             |     2 |     4 |    12 |     4 ||    22
       Conjure Flame     |       |       |     4 |     2 ||     6
       Flame Wave        |       |       |     1 |     1 ||     2
Evoke: Wand              |       |     1 |     3 |       ||     4
  Use: Scroll            |       |     4 |       |     6 ||    10
       Potion            |       |       |       |     2 ||     2
 Stab: Confused          |     2 |     3 |     6 |     3 ||    14
       Sleeping          |       |       |     8 |       ||     8
       Distracted        |       |       |     2 |       ||     2
Armor: Robe              |     1 |    56 |    36 |     7 ||   100
       Troll leather arm |       |       |       |     6 ||     6
Dodge: Dodged            |    13 |   151 |   174 |    38 ||   376
Block: Buckler           |       |     9 |    61 |    10 ||    80

Table legend: (Time is in decaauts)
 A = Elapsed time spent in this place.
 B = Non-inter-level travel time spent in this place.
 C = Inter-level travel time spent in this place.
 D = Time resting spent in this place.
 E = Time spent auto-exploring this place.
 F = Levels seen in this place.
 G = Mean time per level.
                   A        B        C        D        E       F      G
               +--------+--------+--------+--------+--------+-----+--------+
         Total |  13546 |  12839 |    707 |   5151 |   4970 |   9 | 1505.1 |
       Dungeon |  11886 |  11189 |    697 |   4171 |   4546 |   7 | 1698.0 |
        Temple |    134 |    124 |     10 |      0 |    109 |   1 |  134.0 |
         Sewer |   1525 |   1525 |      0 |    980 |    314 |   1 | 1525.0 |
               +--------+--------+--------+--------+--------+-----+--------+

Top non-repeatable levels by time:
     D:6: 2940 daAuts
     D:5: 2006 daAuts
     D:4: 1977 daAuts
     D:2: 1627 daAuts
   Sewer: 1525 daAuts
     D:1: 1279 daAuts
     D:7: 1208 daAuts
     D:3: 846 daAuts
  Temple: 134 daAuts
